 Dungeon Crawl Stone Soup version 0.32-a0-616-g9348d4545b (webtiles) character file.

Game seed: 366996174793159530

6 croobank the Sneak (level 1, -7/16 HPs)
             Began as an Octopode Delver on Mar 5, 2024.
             Mangled by Grinder (9 damage)
             ... while paralysed by Grinder
             ... on level 4 of the Dungeon.
             The game lasted 00:01:06 (195 turns).

croobank the Sneak (Octopode Delver)                 Turns: 195, Time: 00:01:06

Health: -7/16      AC:  1    Str: 11    XL:     1   Next: 90%
Magic:  1/1        EV:  2    Int: 12    God:
Gold:   21         SH:  0    Dex: 13    Spells: 0/0 levels left

rFire   . . .        a - +0 short sword
rCold   . . .        (no shield)
rNeg    . . .        (helmet restricted)
rPois   .            (no amulet)
rElec   .            (no ring)
rCorr   .            (no ring)
SInv    .            (no ring)
Will    .....        (no ring)
Stlth   ++++         (no ring)
HPRegen 0.22/turn    (no ring)
MPRegen 0.07/turn    (no ring)
                     (no ring)

%: no passive effects
@: paralysed, hasted
A: almost no armour, amphibious, 8 rings, camouflage 1, gelatinous body 1,
(nimble swimmer 1), tentacles
a: no special abilities


You were on level 4 of the Dungeon.
You visited 1 branch of the dungeon, and saw 3 of its levels.

You collected 21 gold pieces.

Inventory:

Hand Weapons
 a - a +0 short sword (weapon)
 g - a +0 dagger
Missiles
 h - 5 poisoned darts (quivered)
Wands
 f - a wand of digging (3)
Scrolls
 b - a scroll of fog
 c - a scroll of revelation
 d - a scroll of fear


   Skills:
 - Level 3.0 Fighting
 - Level 2.0 Short Blades
 - Level 2.0 Dodging
 + Level 7.1 Stealth


You couldn't memorise any spells.
You didn't know any spells.
Your spell library was empty.

Dungeon Overview and Level Annotations

Branches:
Dungeon (6/15)
 Temple: D:4-7

Altars:
Cheibriados

Annotations:
D:4 Grinder


Innate Abilities, Weirdness & Mutations

You cannot wear most types of armour.
You are amphibious.
You can wear up to eight rings at the same time.
Your skin changes colour to match your surroundings (Stealth+).
Your rubbery body absorbs attacks. (AC +1, EV +1)
((You are camouflaged when in or above water. (Stealth+)))
You have tentacles for arms and can constrict up to eight enemies at once.


Message History

* * * LOW HITPOINT WARNING * * *
You hit the ribbon worm but do no damage.
You squeeze the ribbon worm.
You kill the ribbon worm!
Your Stealth skill increases to level 7!
You start resting.
HP restored.
You see here 5 poisoned darts.
h - 5 poisoned darts
There is a stone staircase leading down here.
Found a scroll labelled WOYLAZ HOIV.
Grinder and a hobgoblin come into view.
Found a ring mail.
Grinder shouts!
You hit the hobgoblin but do no damage. You grab the hobgoblin.
You constrict the hobgoblin.
An orc comes into view. It is wielding a +0 hand axe.
The hobgoblin barely misses you.
You hit the hobgoblin but do no damage.
The hobgoblin is moderately wounded.
You constrict the hobgoblin. The hobgoblin barely misses you.
You hit the hobgoblin.
You kill the hobgoblin!
Okay, then.
You feel yourself speed up.
You closely miss Grinder. Your grab misses Grinder. You barely miss Grinder.
Your grab misses Grinder. Grinder hits you.
You writhe in agony.
You closely miss Grinder. You grab Grinder.
You constrict Grinder, but do no damage.
You hit Grinder but do no damage. You constrict Grinder.
Grinder gestures at you.
You suddenly lose the ability to move!
You lose your grip on Grinder.
The orc hits you with a +0 hand axe.
* * * LOW HITPOINT WARNING * * *
Grinder hits you but does no damage. Grinder hits you!
Ouch! That really hurt!
You die...
Grinder says, "Hey, I wasn't done torturing you yet!"

.....#..###..P..............
.............P.#...........#
##.####.#....P............##
#. #...?....P.#.........##
#..........#........##
#...........>........#
#........#..#.........#
#......5.#..##.........#
.......@.#.#########....
......†#o#.. (##.
#####...[... . #.##..... .
#. ##....# #. ###.# . .# . #


You could see Grinder and an orc.

Vanquished Creatures
  A ribbon worm (D:4)
  A giant cockroach (D:4)
  A hobgoblin (D:4)
  A kobold (D:4)
4 creatures vanquished.

Notes
Turn   | Place    | Note
-------+----------+-------------------------------------------
     0 | D:5      | croobank the Octopode Delver began the quest for the Orb.
     0 | D:5      | Reached XP level 1. HP: 16/16 MP: 1/1
    64 | D:4      | Found a snail-covered altar of Cheibriados.
   123 | D:4      | Reached skill level 7 in Stealth
   180 | D:4      | Noticed Grinder
   193 | D:4      | Paralysed by Grinder for 4 turns
   195 | D:4      | Mangled by Grinder

Illustrated notes

Levels and vault maps discovered:
D:4:      layout_rooms, mainiacjoe_overflow_boulevard,
          nemelex_diamond_rough_becter, gammafunk_ghost_split, uniq_grinder,
          uniq_blork_the_orc, uniq_crazy_yiuf_cottage
D:5:      layout_basic, amcnicky_altar_gilded,
          mainiacjoe_overflow_six_doors_small, nicolae_tso_besieged_by_evil,
          minmay_temple_entry_overgrown, minmay_misc_feat_doors, uniq_edmund,
          uniq_eustachio
D:6:      layout_basic, serial_shops, shop, hangedman_glass_teeth

Skill      XL: |  1 |
---------------+----+-----
Stealth        | 7 |  7.1
Fighting       | |  3.0
Short Blades   | |  2.0
Dodging        | |  2.0

Action                     || total
---------------------------++-------
  Melee: Short sword       ||    14
         Constrict         ||     4
         Tentacles         ||     3
    Use: Potion            ||     1
 Armour: Skin              ||     8
  Dodge: Dodged            ||     3

Table legend: (Time is in decaauts)
 A = Elapsed time spent in this place.
 B = Non-inter-level travel time spent in this place.
 C = Inter-level travel time spent in this place.
 D = Time resting spent in this place.
 E = Time spent auto-exploring this place.
 F = Levels seen in this place.
 G = Mean time per level.
                   A        B        C        D        E       F      G
               +--------+--------+--------+--------+--------+-----+--------+
         Total |    192 |    192 |      0 |     70 |     43 |   3 |   64.0 |
       Dungeon |    192 |    192 |      0 |     70 |     43 |   3 |   64.0 |
               +--------+--------+--------+--------+--------+-----+--------+

Top non-repeatable levels by time:
     D:4: 128 daAuts
     D:6: 53 daAuts
     D:5: 10 daAuts
